 Dungeon Crawl Stone Soup version 0.24.0-1-gfbc8707 (webtiles) character file.

Game seed: 5857637429534717990, levelgen mode: deterministic

22283 Buxparty the Cleaver (level 12, -7/94 HPs)
             Began as a Mummy Fighter on Jan 7, 2020.
             Was an Initiate of Gozag.
             Mangled by Rupert
             ... wielding a +2 great mace of protection
              (37 damage)
             ... on level 3 of the Lair of Beasts.
             The game lasted 00:48:05 (13946 turns).

Buxparty the Cleaver (Mummy Fighter)               Turns: 13946, Time: 00:48:06

Health: -7/94      AC: 23    Str: 36    XL:     12   Next: 61%
Magic:  0/12       EV:  7    Int:  6    God:    Gozag
Gold:   662        SH: 23    Dex: 14    Spells: 11/11 levels left

rFire    x . .     SeeInvis .   a - +1 war axe
rCold    + . .     Gourm    .   v - +4 large shield of Cocytus {*Corrode MR++ Str+9 Int-5}
rNeg     + + +     Faith    .   r - +1 chain mail
rPois    ∞         Spirit   +   J - +1 helmet {Int+3}
rElec    .         Reflect  .   E - +1 cloak
rCorr    .         Harm     .   (no gloves)
MR       +++..                  C - +0 pair of boots {Stlth+}
Stlth    ..........             p - amulet of guardian spirit
HPRegen  0.25/turn              z - +6 ring of strength
MPRegen  0.13/turn              i - +5 ring of protection

@: no status effects
A: no food or potions, fire vulnerability, cold resistance 1, negative energy
resistance 3, torment resistance, unbreathing
a: Potion Petition, Call Merchant, Bribe Branch, Renounce Religion


You were on level 3 of the Lair of Beasts.
You worshipped Gozag.
Gozag was pleased with you.
You were not hungry.

You visited 3 branches of the dungeon, and saw 16 of its levels.
You also visited: Ossuary.

You collected 4212 gold pieces.
You spent 1369 gold pieces at shops.
You paid 2181 gold pieces to Gozag.

Inventory:

Hand Weapons
 a - a +1 war axe (weapon)
 b - the +8 Wrath of Trog {antimagic, *Rage}
   (You bought it in a shop on level 2 of the Lair of Beasts)

   It reduces the magical energy of the wielder, and disrupts the spells and
   magical abilities of those hit.
   Natural abilities and divine invocations are not affected.
   It may make you go berserk in combat.
 c - a +0 triple crossbow
 j - a +0 hunting sling of flaming
Missiles
 g - 91 poisoned darts (quivered)
 x - 65 sling bullets
Armour
 r - a +1 chain mail (worn)
 v - the +4 large shield of Cocytus (worn) {*Corrode MR++ Str+9 Int-5}
   (You found it on level 6 of the Dungeon)

   It affects your strength (+9).
   It affects your intelligence (-5).
   It affects your resistance to hostile enchantments.
   It may corrode you when you take damage.
 C - a +0 pair of boots of stealth (worn)
 E - a +1 cloak (worn)
 J - a +1 helmet of intelligence (worn)
Jewellery
 e - an uncursed ring of protection from cold
 i - a +5 ring of protection (right hand)
 p - an amulet of guardian spirit (around neck)
 s - a +4 ring of dexterity
 z - a +6 ring of strength (left hand)
 G - a +2 ring of intelligence {unknown}
 I - the ring "Estaosch" {rPois rN+ Str+4 Dex-3 Stlth-}
   (You found it on level 1 of the Lair of Beasts)

   [ring of attention]

   It affects your strength (+4).
   It affects your dexterity (-3).
   It protects you from poison.
   It protects you from negative energy.
   It makes you less stealthy.
Wands
 o - a wand of random effects (17)
 y - a wand of clouds (3)
 A - a wand of disintegration (10)
 B - a wand of acid (14)
Scrolls
 d - 4 scrolls of remove curse
 f - a scroll of magic mapping
 h - 5 scrolls of enchant armour
 k - 2 scrolls of amnesia
 l - 6 scrolls of blinking
 m - 13 scrolls of identify
 n - a scroll of random uselessness {unknown}
 q - 4 scrolls of enchant weapon
 t - a scroll of acquirement {unknown}
 u - 5 scrolls of teleportation {unknown}
 w - 6 scrolls of fog {unknown}
 D - a scroll of immolation {unknown}
 F - 2 scrolls of brand weapon {unknown}
Miscellaneous
 H - a lightning rod (4/4)


   Skills:
 - Level 8.8 Fighting
 * Level 11.9 Axes
 + Level 2.8(2.9) Slings
 - Level 0.2(1.7) Throwing
 + Level 8.1 Armour
 - Level 1.7 Dodging
 - Level 0.1 Stealth
 + Level 8.2 Shields


You had 11 spell levels left.
You didn't know any spells.
Your spell library contained the following spells:

 Spells                   Type           Power        Failure   Level  Hunger
 Animate Skeleton         Necr           N/A          100%        1    N/A
 Apportation              Tloc           #.....       100%        1    N/A
 Confusing Touch          Hex            #.....       100%        1    N/A
 Flame Tongue             Conj/Fire      #....        100%        1    N/A
 Freeze                   Ice            #...         100%        1    N/A
 Sandblast                Erth           #.....       100%        1    N/A
 Summon Small Mammal      Summ           #...         100%        1    N/A
 Ensorcelled Hibernation  Hex/Ice        #.....       100%        2    N/A
 Passwall                 Tmut/Erth      #.......     100%        2    N/A
 Throw Flame              Conj/Fire      #.....       100%        2    N/A
 Throw Frost              Conj/Ice       #.....       100%        2    N/A
 Conjure Flame            Conj/Fire      #.......     100%        3    N/A
 Inner Flame              Hex/Fire       #.......     100%        3    N/A
 Ozocubu's Armour         Chrm/Ice       #.......     100%        3    N/A
 Stone Arrow              Conj/Erth      #.....       100%        3    N/A
 Petrify                  Tmut/Erth      #.......     100%        4    N/A
 Sticky Flame             Conj/Fire      #.......     100%        4    N/A
 Summon Ice Beast         Ice/Summ       #.......     100%        4    N/A
 Throw Icicle             Conj/Ice       #.......     100%        4    N/A
 Borgnjor's Vile Clutch   Necr/Erth      #.........   100%        5    N/A
 Fireball                 Conj/Fire      #.........   100%        5    N/A
 Lee's Rapid Deconstruct  Erth           #.........   100%        5    N/A
 Silence                  Hex/Air        #.........   100%        5    N/A
 Darkness                 Hex            #.........   100%        6    N/A
 Shadow Creatures         Summ           N/A          100%        6    N/A

Dungeon Overview and Level Annotations

Branches:
Dungeon (12/15)            Temple (1/1) D:4            Lair (3/6) D:8
 Spider (0/4) Lair:2          Orc (0/2) D:10        Ossuary (visited)
  Swamp: Lair:2-4    Shoals: Lair:2-4

Altars:
Ashenzari
Cheibriados
Dithmenos
Elyvilon
Fedhas
Gozag
Hepliaklqana
Kikubaaqudgha
Makhleb
Nemelex Xobeh
Okawaru
Qazlal
Ru
Sif Muna
Trog
Uskayaw
Vehumet
Wu Jian
Xom
Yredelemnul
Zin
The Shining One
Jiyva

Shops:
D:9 [   Lair:1 *   Lair:2 *

Annotations:
D:5 2 runed translucent doors, knitting's ghost, novice GrFi
D:9 2 transporters, Buxparty's ghost, novice GnWn
D:10 exclusion: ice statue
Lair:3 Rupert


Innate Abilities, Weirdness & Mutations

You do not eat or drink.
Your flesh is vulnerable to fire.
You are immune to poison.
Your flesh is cold resistant. (rC+)
You are immune to negative energy. (rN+++)
You are immune to unholy pain and torment.
You can survive without breathing.


Message History

You barely miss Rupert.
Rupert is severely wounded.
The spiny frog croaks.
You hear an angry hiss.
You block Rupert's attack.
Your shield and chain mail prevent you from hitting Rupert.
Rupert is severely wounded.
You block Rupert's attack.
You hit Rupert but do no damage.
Rupert is severely wounded.
Rupert hits you with a +2 great mace of protection!!
You hit Rupert but do no damage.
Rupert is severely wounded.
A black mamba comes into view.
You block Rupert's attack. x2
You hit Rupert but do no damage.
Rupert is severely wounded.
You completely miss the spiny frog. You block the spiny frog's attack.
Rupert hits you with a +2 great mace of protection!!!
You die...
Your body crumbles into a pile of gold.

..## #... #..## #PS.####
##.>...# #.....###
#####....F..##### .. ###
##.#......@@...#.## #.. #.#
##...#...#..#....#.# ###..#
.####.......#####......##P...#
....#......## ##.##........#
#..........## #####.......#
######....#.# ###......##
###....## #..<......# #...#.#
#.........## #######
##.......##


You could see Rupert (berserk), a black mamba and a spiny frog.

Vanquished Creatures
  Harold (D:7)
  An unseen horror (D:9)
  An ugly thing (D:11)
  A manticore (D:12)
  2 black mambas
  A centaur zombie (D:11)
  Joseph (D:8)
  A torpor snail (Lair:2)
  4 spiny frogs
  A centaur skeleton (D:11)
  3 komodo dragons
  3 tyrant leeches
  3 trolls
  Prince Ribbit (D:7)
  3 slime creatures (D:10)
  8 hippogriffs
  Sigmund (D:6)
  A wraith (D:9)
  26 yaks
  A hungry ghost (D:11)
  3 wyverns
  2 basilisks
  4 vampire mosquitoes
  Edmund (D:6)
  A soldier ant (D:11)
  3 water moccasins
  6 swamp worms (Lair:2)
  6 porcupines
  3 orc warriors
  2 ice beasts
  2 black bears
  2 phantoms
  2 sky beasts
  3 ogres
  4 centaurs
  3 crocodiles
  4 elf zombies (Ossuary)
  10 bullfrogs
  3 big kobolds
  A wyvern skeleton (D:10)
  10 scorpions
  10 killer bees
  6 wights (D:8)
  3 howler monkeys
  3 crimson imps
  3 quasits
  6 hounds
  7 orc wizards
  5 jellies
  2 human zombies (Ossuary)
  3 orc priests
  3 iguanas
  8 worker ants
  A big kobold zombie (Ossuary)
  A hound zombie (Ossuary)
  3 mummies (Ossuary)
  A worker ant zombie (D:8)
  14 adders
  A howler monkey skeleton (D:8)
  6 shadow imps
  5 oozes (D:9)
  4 adder zombies (Ossuary)
  An adder skeleton (D:8)
  A worm (D:2)
  A dart slug (D:1)
  8 leopard geckos
  26 orcs
  5 giant cockroaches
  3 goblins
  7 hobgoblins
  21 jackals
  4 quokkas
  4 ball pythons
  7 bats
  5 frilled lizards (D:1)
  A goblin zombie (Ossuary)
  4 hobgoblin zombies (Ossuary)
  3 jackal zombies (Ossuary)
  25 kobolds
  4 kobold zombies (Ossuary)
  A leopard gecko skeleton (D:6)
  3 orc zombies (Ossuary)
  4 quokka zombies (Ossuary)
  5 rats
  5 rat zombies (Ossuary)
  3 fungi
  3 plants (Lair:2)
388 creatures vanquished.

Vanquished Creatures (others)
  A swamp worm (Lair:2)
  3 jackals (D:4)
  4 fungi
  3 plants
  4 toadstools (D:2)
15 creatures vanquished.

Grand Total: 403 creatures vanquished

Notes
Turn   | Place    | Note
-------+----------+-------------------------------------------
     0 | D:1      | Buxparty the Mummy Fighter began the quest for the Orb.
     0 | D:1      | Reached XP level 1. HP: 18/18 MP: 1/1
    91 | D:1      | Reached XP level 2. HP: 24/24 MP: 2/2
   479 | D:2      | Reached skill level 2 in Axes
   482 | D:2      | Reached XP level 3. HP: 25/29 MP: 3/3
   569 | D:2      | Found an ornate altar of the Wu Jian Council.
   605 | D:2      | Found a basalt altar of Yredelemnul.
   830 | D:2      | Found a white marble altar of Elyvilon.
   958 | D:2      | Reached XP level 4. HP: 32/35 MP: 4/4
  1186 | D:3      | Found a shattered altar of Ashenzari.
  1298 | D:3      | Found a sacrificial altar of Ru.
  1728 | D:4      | Found a staircase to the Ecumenical Temple.
  1736 | Temple   | Entered the Ecumenical Temple
  1808 | Temple   | Became a worshipper of Gozag Ym Sagoz the Greedy
  1896 | D:4      | Found a sand-covered staircase.
  1902 | Ossuary  | Entered an ossuary
  1925 | Ossuary  | Reached skill level 1 in Dodging
  1962 | Ossuary  | Reached skill level 3 in Axes
  1962 | Ossuary  | Reached XP level 5. HP: 13/41 MP: 2/5
  2218 | Ossuary  | Reached skill level 4 in Axes
  2218 | Ossuary  | Reached XP level 6. HP: 31/47 MP: 4/6
  2863 | Ossuary  | Reached skill level 5 in Axes
  2875 | Ossuary  | Reached XP level 7. HP: 27/52 MP: 4/7
  3702 | D:5      | Entered Level 5 of the Dungeon
  3800 | D:5      | Found a burning altar of Makhleb.
  3842 | D:5      | Found a runed translucent door.
  3849 | D:5      | Found a stormy altar of Qazlal.
  3946 | D:5      | Found a runed translucent door.
  3946 | D:5      | Noticed knitting's ghost (novice GrFi)
  4207 | D:5      | Reached skill level 6 in Axes
  4849 | D:6      | Reached XP level 8. HP: 30/60 MP: 4/8
  5025 | D:6      | Got a pitted large shield
  5030 | D:6      | Identified the +4 large shield of Cocytus {*Corrode MR++
                  | Str+9 Int-5} (You found it on level 6 of the Dungeon)
  5112 | D:6      | Found an ancient bone altar of Kikubaaqudgha.
  5460 | D:6      | Noticed Edmund
  5468 | D:6      | Killed Edmund
  5468 | D:6      | Reached skill level 7 in Axes
  5666 | D:6      | Noticed Sigmund
  5675 | D:6      | Killed Sigmund
  6097 | D:7      | Noticed Prince Ribbit
  6103 | D:7      | Noticed Harold
  6110 | D:7      | Killed Prince Ribbit
  6110 | D:7      | Reached skill level 5 in Fighting
  6110 | D:7      | Reached XP level 9. HP: 44/68 MP: 5/9
  6115 | D:7      | Killed Harold
  6115 | D:7      | Reached skill level 8 in Axes
  6115 | D:7      | Reached skill level 5 in Shields
  6188 | D:7      | Found a blossoming altar of Fedhas.
  6193 | D:7      | Found a bloodstained altar of Trog.
  6518 | D:7      | You fall into a shaft and drop 3 floors!
  6518 | D:10     | Entered Level 10 of the Dungeon
  6561 | D:9      | Reached skill level 5 in Armour
  6922 | D:7      | Reached XP level 10. HP: 61/76 MP: 8/10
  7108 | D:8      | Reached skill level 9 in Axes
  7124 | D:8      | Noticed Joseph
  7132 | D:8      | Killed Joseph
  7222 | D:8      | Found a hazy altar of Hepliaklqana.
  7402 | D:8      | Found a staircase to the Lair.
  7889 | D:8      | Found a shadowy altar of Dithmenos.
  8057 | D:9      | Found Mabiredo's Antique Armour Boutique.
  8078 | D:9      | Found a transporter.
  8078 | D:9      | Noticed Buxparty's ghost (novice GnWn)
  8080 | D:9      | Noticed a death knight
  8083 | D:9      | Found a transporter.
  8754 | D:9      | Reached skill level 10 in Axes
  8754 | D:9      | Reached XP level 11. HP: 40/84 MP: 6/11
  9041 | D:9      | Killed an unseen horror
  9378 | D:10     | Found a staircase to the Orcish Mines.
 10051 | D:11     | Noticed a purple ugly thing
 10067 | D:11     | Killed a purple ugly thing
 10215 | D:11     | Got a steaming ring mail
 10226 | D:11     | Identified the cursed +0 ring mail of the Great Game {-Tele
                  | Dex+4} (You found it on level 11 of the Dungeon)
 10902 | D:12     | Noticed a purple ugly thing
 10903 | D:12     | Noticed a two-headed ogre
 11012 | Lair:1   | Entered Level 1 of the Lair of Beasts
 11015 | Lair:1   | Reached skill level 11 in Axes
 11071 | Lair:1   | Reached XP level 12. HP: 71/94 MP: 9/12
 11124 | Lair:1   | Bought a scroll of enchant weapon for 232 gold pieces
 11197 | Lair:1   | Got a vibrating steel ring
 11199 | Lair:1   | Identified the ring "Estaosch" {rPois rN+ Str+4 Dex-3
                  | Stlth-} (You found it on level 1 of the Lair of Beasts)
 11571 | Lair:1   | Reached skill level 1 in Slings
 12712 | Lair:2   | Bought the +8 Wrath of Trog {antimagic, *Rage} for 1040
                  | gold pieces
 12712 | Lair:2   | Found the +8 Wrath of Trog {antimagic, *Rage}
 12712 | Lair:2   | Bought a scroll of blinking for 97 gold pieces
 13143 | Lair:2   | Found a hole to the Spider Nest.
 13899 | Lair:3   | Noticed Rupert
 13946 | Lair:3   | Mangled by Rupert

Levels and vault maps discovered:
D:1:      psy_arrival_terrarium, layout_rooms, chequers_serial_rivers_room_a
D:2:      layout_rooms, lemuel_round_altar, elyvilon_altar_4,
          lemuel_round_altar, minmay_gold_behind_fungi
D:3:      layout_basic, nicolae_ru_awakened_eye, evilmike_ruin_ashenzari
D:4:      layout_basic, minmay_temple_entry_overgrown,
          nicolae_ossuary_entry_plus, lemuel_old_faithful
D:5:      layout_loops_ring, lightli_temple_of_fire, grunt_qazlal_clouds,
          first_ration, ebering_ghost_sewer_f
D:6:      layout_basic, kiku_gazebo_garden_becter, hex_medium, fountainhead,
          uniq_sigmund, uniq_edmund
D:7:      layout_basic, lemuel_crystal_altar, bloody_trog, uniq_harold,
          uniq_prince_ribbit1
D:8:      minmay_polygon_palace, layout_basic, nicolae_overflow_hidden_temple,
          marbit_many_paths, dpeg_oklobed_lair, uniq_joseph
D:9:      layout_loops_ring, serial_shops, shop, gammafunk_ghost_mausoleum,
          hangedman_little_slice_of_home
D:10:     minmay_statue_hallways, layout_basic
D:11:     layout_basic
D:12:     layout_roguey
Temple:   pf_slime_end_temple
Lair:1:   layout_misc_corridors, serial_bayou_shore_b
Lair:2:   layout_roguey, dummy_spider_entry, st_stairs_9, worms_lemuel
Lair:3:   layout_cave_pods, swamp_mist, portal_ice_cave_demonic_guard,
          gammafunk_ghost_cemetery, hangedman_lair_generics_rect, uniq_rupert,
          uniq_gastronok

Skill      XL: |  1  2  3  4  5  6  7  8  9 10 11 12 |
---------------+-------------------------------------+-----
Axes           | 2 3 4 5 6 7 8 10 11 | 11.9
Shields        | 3 4 5 6 7 8 |  8.2
Dodging        | 1 |  1.7
Armour         | 3 4 5 6 7 8 |  8.1
Fighting       | 4 5 6 7 8 |  8.8
Slings         | 2 |  2.8
Throwing       | |  0.2
Stealth        | |  0.1

Action                   |  1- 3 |  4- 6 |  7- 9 | 10-12 || total
-------------------------+-------+-------+-------+-------++-------
Melee: War axe           |   120 |   233 |   404 |   984 ||  1741
Throw: Dart              |       |       |     3 |     4 ||     7
Invok: Potion Petition   |       |       |       |     2 ||     2
       Call Merchant     |       |       |       |     2 ||     2
  Use: Scroll            |       |     2 |     5 |     2 ||     9
 Stab: Distracted        |       |       |     2 |     4 ||     6
       Invisible         |       |       |       |     1 ||     1
Armor: Scale mail        |    58 |   106 |     5 |       ||   169
       Chain mail        |       |       |   218 |   289 ||   507
Dodge: Dodged            |    41 |    70 |    98 |   113 ||   322
Block: Shield            |    71 |    93 |   102 |       ||   266
       Large shield      |       |       |   268 |  1074 ||  1342
